[Event "GER-chT Youth Countries 2018"]
[Site "Wurzburg"]
[Date "2018.10.05"]
[Round "5"]
[White "Zeuner, Ole"]
[Black "Wu, Leon"]
[Result "1-0"]
[ECO "B90"]
[WhiteElo "1865"]
[BlackElo "2009"]
[Annotator "NA RC"]
[PlyCount "67"]
[EventDate "2018.10.03"]
[EventType "team-tourn"]
[EventCountry "GER"]
[SourceTitle "playchess.com"]
[Source "ChessBase"]
[SourceQuality "1"]
[TimeControl "40/5400+30:1800+30"]

1. e4 c5 2. Nf3 d6 3. d4 cxd4 4. Nxd4 Nf6 5. Nc3 a6 6. Be3 e5 7. Nb3 Be6 8. h3 {[%emt 0:00:29] B90: Sicilian Najdorf: Unusual White 6th moves, 6 Be3 Ng4 and 6 Be3 e5} (8. f3 Nbd7 9. g4 b5 10. g5 b4 11. Ne2 Ng8 12. f4 h6 13. f5 Bc4 14. g6 fxg6 15. Ng3 Bxf1 16. Rxf1 Ngf6 17. fxg6 Qc7 {1-0 (34) Aronian,L (2767)-So,W (2780) Saint Louis 2018}) 8... Qc7 9. g4 h6 10. f4 exf4 $146 ({Predecessor:} 10... Be7 11. Qd2 b5 12. Bg2 Nbd7 13. O-O Nb6 14. Na5 exf4 15. Bd4 O-O {0-1 (48) Tosic,N (2153)-Novoselski,Z (2337) Banja Vrujci 2017}) 11. Bxf4 Nbd7 12. Qe2 Ne5 13. O-O-O O-O-O 14. Nd5 Nxd5 15. exd5 Bd7 16. Qf2 Ba4 17. Rd4 Bxb3 18. axb3 Kb8 19. Rb4 Ka8 20. Be3 Qa5 21. Ra4 Qxd5 {[%emt 0:02:00] [#]} 22. Rxa6+ $18 Kb8 23. Bg2 Qe6 24. Bd2 Kc7 25. Ba5+ Kd7 26. Bxb7 Re8 27. Qa7 Ke7 28. Bc8+ Nd7 29. Bxd7 Ra8 30. Qxa8 Qe3+ 31. Bd2 Qf2 32. Qe8+ Kf6 33. Bc3+ Kg5 34. h4+ 1-0

[Event "GER-chT Youth Countries 2018"]
[Site "Wurzburg"]
[Date "2018.10.05"]
[Round "5"]
[White "Farokhi, Keyvan"]
[Black "Hommer, Jeremy"]
[Result "1/2-1/2"]
[ECO "B10"]
[WhiteElo "1855"]
[BlackElo "1983"]
[Annotator "NA"]
[PlyCount "102"]
[EventDate "2018.10.03"]
[EventType "team-tourn"]
[EventCountry "GER"]
[SourceTitle "playchess.com"]
[Source "ChessBase"]
[SourceQuality "1"]
[TimeControl "40/5400+30:1800+30"]

1. e4 c6 2. Nc3 d5 3. Nf3 dxe4 4. Nxe4 Nf6 5. Nxf6+ exf6 6. Bc4 Bd6 7. Qe2+ Qe7 8. Qxe7+ {[%emt 0:00:24] B11: Caro-Kann: Two Knights Variation} Kxe7 9. O-O Rd8 10. Re1+ (10. d4 Bf5 11. c3 Kf8 12. Re1 Nd7 13. Nh4 Bc2 14. Re2 Bd1 15. Re1 Bc2 16. Re2 Bd1 17. Re1 {1-0 (17) Heimann,A (2590)-Li,C (2714) Dresden 2018}) 10... Kf8 11. d3 $146 ({Predecessor:} 11. h3 Bf5 12. c3 Nd7 13. d4 Nb6 14. Bb3 Nd5 15. Nh4 Bd7 {0-1 (59) Baciu,D (2293)-Belenkaya,D (2313) Germany 2017}) 11... Bg4 12. Nd2 Nd7 13. h3 Bf5 14. Nf3 h6 15. Bd2 Bh7 16. Re2 b5 17. Bb3 Nc5 18. Nd4 Rdc8 19. Be3 Rab8 20. a3 Nxb3 21. Nxb3 c5 22. d4 cxd4 23. Nxd4 a5 24. c3 $11 b4 25. cxb4 axb4 26. a4 b3 27. Nb5 Bb4 28. Bd2 Bxd2 29. Rxd2 Rc2 30. Rad1 Re8 31. Nd4 Rc4 32. Nxb3 Bc2 33. Na5 Bxd1 34. Nxc4 Bxa4 35. f3 Bb3 36. Na5 Rb8 37. Nc6 Rc8 38. Nd4 Rb8 39. Kf2 g6 40. Ke3 Ba4 41. Kd3 Ke7 42. b3 Bd7 43. Rb2 Kd6 44. b4 f5 45. f4 Bb5+ 46. Nxb5+ Rxb5 47. Kc4 Rb6 48. b5 Kc7 49. Kc5 Re6 50. b6+ Kb7 51. Rd2 Rc6+ 1/2-1/2

[Event "GER-chT Youth Countries 2018"]
[Site "Wurzburg"]
[Date "2018.10.05"]
[Round "5"]
[White "Hetzner, Hannes"]
[Black "Ratay, Meike"]
[Result "0-1"]
[ECO "B95"]
[WhiteElo "1855"]
[BlackElo "1887"]
[Annotator "NA RC"]
[PlyCount "52"]
[EventDate "2018.10.03"]
[EventType "team-tourn"]
[EventCountry "GER"]
[SourceTitle "playchess.com"]
[Source "ChessBase"]
[SourceQuality "1"]
[TimeControl "40/5400+30:1800+30"]

1. e4 c5 2. Nf3 d6 3. d4 Nf6 4. Nc3 cxd4 5. Nxd4 a6 6. Bg5 e6 7. Qe2 Nbd7 8. f4 Qc7 9. O-O-O b5 10. g4 Bb7 11. Bg2 Nb6 12. Rhe1 Be7 {[%emt 0:05:53] [#]} 13. Kb1 $11 (13. Bxf6 $1 $16 gxf6 14. a3) 13... b4 14. e5 bxc3 15. exf6 gxf6 16. Nxe6 fxe6 17. Bxf6 Bxf6 18. Qxe6+ Be7 19. f5 Bxg2 20. f6 Nc4 21. fxe7 cxb2 22. Rd3 Qa5 23. g5 Ne5 24. Red1 Nxd3 25. Rxd3 Qxg5 26. Re3 Bd5 0-1

[Event "GER-chT Youth Countries 2018"]
[Site "Wurzburg"]
[Date "2018.10.05"]
[Round "5"]
[White "Bashylina, Luisa"]
[Black "Grining, Maria"]
[Result "1/2-1/2"]
[ECO "B10"]
[WhiteElo "1837"]
[BlackElo "1572"]
[Annotator "NA"]
[PlyCount "57"]
[EventDate "2018.10.03"]
[EventType "team-tourn"]
[EventCountry "GER"]
[SourceTitle "playchess.com"]
[Source "ChessBase"]
[SourceQuality "1"]
[TimeControl "40/5400+30:1800+30"]

1. e4 {[%emt 0:00:00] Wojtaszek,R} c6 2. Nf3 d5 3. exd5 cxd5 4. Ne5 {[%emt 0:00:00] B10: Caro-Kann: 2 d3 and 2 c4} Nc6 5. d4 e6 6. c3 Bd6 7. f4 Nge7 8. Bd3 Nf5 $146 ({Predecessor:} 8... O-O 9. O-O f6 10. Qh5 Nf5 11. Nxc6 bxc6 {0-1 (32) Sedlak,N (2550)-Wojtaszek,R (2711) Khanty-Mansiysk 2010 CBM 139 [Wojtaszek,R]}) 9. O-O g6 10. Qe2 O-O 11. Nd2 Re8 12. Ndf3 f6 13. Nxc6 bxc6 14. Qc2 Qc7 15. g4 Ng7 16. f5 exf5 17. g5 Nh5 18. c4 c5 19. gxf6 Nxf6 20. cxd5 $19 cxd4 21. Nxd4 Qxc2 22. Nxc2 Bc5+ 23. Kg2 Nxd5 24. Bc4 Bb7 25. Rd1 Rad8 26. b4 Bb6 27. Bg5 Rd6 28. Bf4 Rdd8 29. a4 1/2-1/2

[Event "GER-chT Youth Countries 2018"]
[Site "Wurzburg"]
[Date "2018.10.05"]
[Round "5"]
[White "Reitz, Theresa"]
[Black "Deuer, Marius"]
[Result "1-0"]
[ECO "B24"]
[WhiteElo "1788"]
[BlackElo "1711"]
[Annotator "NA RC"]
[PlyCount "37"]
[EventDate "2018.10.03"]
[EventType "team-tourn"]
[EventCountry "GER"]
[SourceTitle "playchess.com"]
[Source "ChessBase"]
[SourceQuality "1"]
[TimeControl "40/5400+30:1800+30"]

1. e4 c5 2. Nc3 Nc6 3. Bb5 g6 4. Bxc6 dxc6 5. f4 Bg7 6. d3 e5 7. Nf3 exf4 8. Bxf4 Ne7 9. O-O O-O 10. Qe1 f5 11. Qh4 b6 12. Rae1 Qd7 13. Bg5 Re8 14. Bxe7 Rxe7 15. exf5 Rxe1 16. Rxe1 Qxf5 17. Re8+ Bf8 18. Ng5 h6 19. Qxh6 1-0

[Event "GER-chT Youth Countries 2018"]
[Site "Wurzburg"]
[Date "2018.10.05"]
[Round "5"]
[White "Lutz, Adam"]
[Black "Bardorz, Jana"]
[Result "1-0"]
[ECO "C45"]
[WhiteElo "1787"]
[BlackElo "1810"]
[Annotator "NA RC"]
[PlyCount "91"]
[EventDate "2018.10.03"]
[EventType "team-tourn"]
[EventCountry "GER"]
[SourceTitle "playchess.com"]
[Source "ChessBase"]
[SourceQuality "1"]
[TimeControl "40/5400+30:1800+30"]

1. e4 e5 2. Nf3 Nc6 3. d4 exd4 4. Nxd4 Bc5 5. Nxc6 Qf6 6. Qf3 Qxf3 7. gxf3 dxc6 8. Rg1 g6 9. Bc4 f5 10. Bf4 Bd6 11. e5 Bb4+ 12. Nd2 Ne7 13. O-O-O Nd5 14. Bg5 $11 Be7 15. Nb3 Bxg5+ 16. Rxg5 Nb6 17. Be2 Bd7 18. Nc5 O-O-O 19. e6 Be8 20. Rxd8+ Kxd8 21. Nxb7+ Ke7 22. Nc5 Kd6 23. b4 Nd5 24. a3 a5 25. Nb7+ Kxe6 26. Nxa5 Bd7 27. Nb3 Ra8 28. Kb2 Nb6 29. Rg1 Na4+ 30. Kc1 Nc3 31. Bc4+ Kd6 32. Re1 Nb5 33. Nc5 Bc8 34. Re8 Na7 35. a4 f4 36. Kd2 g5 37. Kc3 h5 38. Be6 Ke5 39. Bxc8+ Kf6 40. Bd7 Rxe8 41. Bxe8 h4 42. Bd7 Ke7 43. Kd4 Kd8 44. Ke5 Nc8 45. Bxc8 Kxc8 46. Kf5 1-0

[Event "GER-chT Youth Countries 2018"]
[Site "Wurzburg"]
[Date "2018.10.05"]
[Round "5"]
[White "Reuter, Elisa"]
[Black "Werner, Denis"]
[Result "1-0"]
[ECO "B35"]
[WhiteElo "1786"]
[BlackElo "1817"]
[Annotator "NA RC"]
[PlyCount "143"]
[EventDate "2018.10.03"]
[EventType "team-tourn"]
[EventCountry "GER"]
[SourceTitle "playchess.com"]
[Source "ChessBase"]
[SourceQuality "1"]
[TimeControl "40/5400+30:1800+30"]

1. e4 c5 2. Nf3 Nc6 3. d4 cxd4 4. Nxd4 g6 5. Nc3 Bg7 6. Be3 Nf6 7. Bc4 O-O 8. Bb3 d6 9. f3 Bd7 10. Qd2 Nxd4 11. Bxd4 b5 12. O-O a5 13. a3 {[%emt 0:00:46] B77: Sicilian Dragon: Yugoslav Attack, 9 Bc4 sidelines} Qc7 (13... Bc6 14. Rfe1 Rb8 15. Kh1 e6 16. Nd1 a4 17. Ba2 e5 18. Bc3 d5 19. Ba5 Qd7 20. Nc3 dxe4 21. Qxd7 Bxd7 22. Nxe4 Nxe4 23. fxe4 Bc6 24. Rad1 Ra8 25. Bc3 Rad8 26. Bb4 Rxd1 {½-½ (26) Ljubicic,L (2592)-Cruzado Duenas,C (2569) ICCF email 2016}) 14. a4 bxa4 $146 ({Predecessor:} 14... b4 15. Ne2 e5 16. Be3 Be6 17. Bxe6 fxe6 18. c3 b3 19. Nc1 Rab8 20. Ra3 d5 21. Rxb3 dxe4 22. Rxb8 Rxb8 23. fxe4 {1-0 (42) Abrahamyan,T (2343)-Gutman,J (2107) Beverly Hills 2011}) 15. Nxa4 Be6 16. Bb6 Qb7 17. Bxe6 fxe6 18. Bd4 Qc7 19. Qc3 $11 Qxc3 20. Bxc3 Nd7 21. Bxg7 Kxg7 22. Ra2 Rfb8 23. Rfa1 Kf6 24. Kf2 Nb6 25. b3 Nxa4 26. Rxa4 Rc8 27. R1a2 Ra6 28. Ke2 Rac6 29. Kd2 Ke5 30. Rxa5+ Kf4 31. Ra7 R6c7 32. b4 Ke5 33. b5 Rc5 34. Rxe7 Rxb5 35. Rxh7 Rb1 36. Rh3 Kf6 37. Rg3 Rh1 38. h3 g5 39. Ra5 Rf1 40. Raxg5 Rf2+ 41. Ke3 Rcxc2 42. Rg6+ Ke7 43. Kf4 Rc5 44. Rg7+ Kf8 45. Rg8+ Kf7 46. R3g7+ Kf6 47. Rg6+ Kf7 48. R8g7+ Kf8 49. Rd7 Rd2 50. Rxe6 Rxg2 51. Rdxd6 Rf2 52. Kg3 Rf1 53. Rf6+ Kg7 54. Rf4 Rg1+ 55. Kh4 Kh7 56. Rg4 Rf1 57. Kg3 Rg1+ 58. Kf4 Rh1 59. Rd5 Rxd5 60. exd5 Rxh3 61. Rg5 Rh1 62. Ke5 Kh6 63. Rg4 Re1+ 64. Re4 Rf1 65. f4 Kg7 66. Ke6 Kf8 67. f5 Rd1 68. f6 Rd2 69. d6 Rd1 70. d7 Rd2 71. Re5 Kg8 72. Ke7 1-0

[Event "GER-chT Youth Countries 2018"]
[Site "Wurzburg"]
[Date "2018.10.05"]
[Round "5"]
[White "Roessel, Gino"]
[Black "Schwegler, Jelena"]
[Result "1-0"]
[ECO "C90"]
[WhiteElo "1778"]
[BlackElo "1496"]
[Annotator "NA"]
[PlyCount "31"]
[EventDate "2018.10.03"]
[EventType "team-tourn"]
[EventCountry "GER"]
[SourceTitle "playchess.com"]
[Source "ChessBase"]
[SourceQuality "1"]
[TimeControl "40/5400+30:1800+30"]

1. e4 e5 2. Nf3 Nc6 3. Bb5 a6 4. Ba4 Nf6 5. d3 b5 6. Bb3 Be7 7. c3 d6 8. O-O O-O 9. Re1 Re8 10. Nbd2 Bb7 11. Nf1 Bf8 12. Ng5 d5 13. exd5 Nxd5 14. Qf3 Na5 15. Qxf7+ Kh8 16. Qh5 1-0

[Event "GER-chT Youth Countries 2018"]
[Site "Wurzburg"]
[Date "2018.10.05"]
[Round "5"]
[White "Kluehs, Gustaf"]
[Black "Wildermuth, Nikolas Karl"]
[Result "1/2-1/2"]
[ECO "A45"]
[WhiteElo "1775"]
[BlackElo "1539"]
[Annotator "NA RC"]
[PlyCount "64"]
[EventDate "2018.10.03"]
[EventType "team-tourn"]
[EventCountry "GER"]
[SourceTitle "playchess.com"]
[Source "ChessBase"]
[SourceQuality "1"]
[TimeControl "40/5400+30:1800+30"]

1. d4 Nf6 2. Nd2 d5 3. Ngf3 b6 4. e3 Bb7 5. Bd3 e6 6. O-O Be7 7. b3 O-O 8. Bb2 Nbd7 9. Qe2 c5 10. c4 Rc8 11. Rac1 Ne4 12. Rfd1 Bf6 13. Ne5 Qe7 14. Ndf3 Rfd8 15. Nxd7 Rxd7 16. dxc5 Bxb2 17. Qxb2 Nxc5 18. cxd5 Rxd5 19. Be2 Rcd8 20. Rxd5 Rxd5 21. b4 Nd3 22. Bxd3 Rxd3 23. Qc2 Rd6 24. a3 Rc6 25. Qd2 Rxc1+ 26. Qxc1 f6 27. Nd4 Qd7 28. f3 e5 29. Qc4+ Bd5 30. Qb5 Be6 31. Qxd7 Bxd7 32. Ne2 Kf7 1/2-1/2

[Event "GER-chT Youth Countries 2018"]
[Site "Wurzburg"]
[Date "2018.10.05"]
[Round "5"]
[White "Schnabel, Luise"]
[Black "Zell, Mirjam"]
[Result "1-0"]
[ECO "C68"]
[WhiteElo "1753"]
[BlackElo "1797"]
[Annotator "NA RC"]
[PlyCount "93"]
[EventDate "2018.10.03"]
[EventType "team-tourn"]
[EventCountry "GER"]
[SourceTitle "playchess.com"]
[Source "ChessBase"]
[SourceQuality "1"]
[TimeControl "40/5400+30:1800+30"]

1. e4 e5 2. Nf3 Nc6 3. Bb5 a6 4. Bxc6 dxc6 5. O-O Bd6 6. d4 exd4 7. Qxd4 f6 8. Be3 Ne7 9. Nbd2 Be6 10. Qc3 Ng6 11. Nd4 Qe7 12. Nxe6 Qxe6 13. Qb3 Qxb3 14. Nxb3 O-O-O 15. Rad1 Rhe8 16. f3 Ne5 17. Kh1 Nc4 18. Bc1 Be5 19. c3 b6 20. Nd4 c5 21. Nc2 Rxd1 22. Rxd1 Rd8 23. Rxd8+ Kxd8 24. b3 Na5 25. Bd2 Nc6 26. g3 Ne7 27. Ne3 c6 28. Kg2 b5 29. f4 Bc7 30. Kf3 Kd7 31. h3 h5 32. f5 Ke8 33. Ng2 g5 34. fxg6 Nxg6 35. Nf4 Nxf4 36. Bxf4 Ba5 37. Bd2 Bc7 38. g4 hxg4+ 39. Kxg4 Be5 40. Kf5 Kf7 41. h4 Bd6 42. h5 Bf8 43. h6 a5 44. c4 b4 45. Be3 Be7 46. h7 Kg7 47. Ke6 1-0

[Event "GER-chT Youth Countries 2018"]
[Site "Wurzburg"]
[Date "2018.10.05"]
[Round "5"]
[White "Liu, Sijia Anna"]
[Black "Metzdorf, Matteo"]
[Result "0-1"]
[ECO "C11"]
[WhiteElo "1730"]
[BlackElo "1806"]
[Annotator "NA RC"]
[PlyCount "90"]
[EventDate "2018.10.03"]
[EventType "team-tourn"]
[EventCountry "GER"]
[SourceTitle "playchess.com"]
[Source "ChessBase"]
[SourceQuality "1"]
[TimeControl "40/5400+30:1800+30"]

1. e4 e6 2. d4 d5 3. Nc3 Nf6 4. Bg5 dxe4 5. Nxe4 Be7 6. Bxf6 gxf6 7. Nf3 f5 8. Nc3 a6 9. Be2 b5 10. O-O Bb7 11. Re1 Qd6 12. Ne5 Nc6 13. Bf3 Rg8 14. a3 $11 ({Better is} 14. Bxc6+ $16 Bxc6 {[#]} 15. d5 $1 Bxd5 16. Nxd5 exd5 17. Qf3) 14... Bf6 15. Nxc6 Bxc6 16. Bxc6+ Qxc6 17. d5 Qb7 18. Qd3 O-O-O 19. Rad1 Bxc3 20. Qxc3 Rxd5 21. f3 Qb6+ 22. Kh1 Qf2 23. g3 Rc5 24. Qe3 Rxc2 25. Qxf2 Rxf2 26. Rc1 Rxb2 27. Rc6 Kb7 28. Rc3 Rd8 29. Rec1 Rd7 30. Kg1 Rbd2 31. h4 Rd1+ 32. Rxd1 Rxd1+ 33. Kf2 Kb6 34. Ke2 Rd5 35. Ke3 c5 36. Kf4 c4 37. Ke3 Kc5 38. Kf4 Rd3 39. Rc2 Rxa3 40. g4 fxg4 41. fxg4 b4 42. Kg5 Rc3 43. Rb2 b3 44. Kh6 Rc2 45. Kxh7 Rxb2 0-1

[Event "GER-chT Youth Countries 2018"]
[Site "Wurzburg"]
[Date "2018.10.05"]
[Round "5"]
[White "Oberhofer, Marie"]
[Black "Wagner, Margarethe"]
[Result "0-1"]
[ECO "B93"]
[WhiteElo "1724"]
[BlackElo "1643"]
[Annotator "NA RC"]
[PlyCount "84"]
[EventDate "2018.10.03"]
[EventType "team-tourn"]
[EventCountry "GER"]
[SourceTitle "playchess.com"]
[Source "ChessBase"]
[SourceQuality "1"]
[TimeControl "40/5400+30:1800+30"]

1. e4 c5 2. Nf3 d6 3. d4 cxd4 4. Nxd4 Nf6 5. Nc3 a6 6. f4 e5 7. Nf3 Nbd7 8. Be3 Be7 9. f5 b5 10. a3 Bb7 11. Bd3 O-O 12. h3 d5 13. exd5 Nxd5 14. Nxd5 Bxd5 15. Be2 Bh4+ 16. Nxh4 Qxh4+ 17. Bf2 Qe4 18. Rg1 Nf6 19. Qd3 Qxd3 20. Bxd3 e4 21. Be2 Rac8 22. c3 Rfd8 23. Bd4 Nd7 24. g4 Nc5 25. Rd1 Na4 26. Rb1 Ba2 27. Ra1 Bb3 28. Rb1 Bc2 29. Rc1 Bd3 30. Bxd3 exd3 31. Kd2 Nxb2 32. Rb1 Nc4+ 33. Kxd3 Nxa3 34. Ra1 b4 35. Ke4 Nb5 36. Rxa6 bxc3 37. Be3 c2 38. Rc1 Re8+ 39. Kd3 Rc3+ 40. Kd2 Rcxe3 41. Rxc2 Re2+ 42. Kd3 R8e3+ {[%emt 0:00:53] Kd4} 0-1

[Event "GER-chT Youth Countries 2018"]
[Site "Wurzburg"]
[Date "2018.10.05"]
[Round "5"]
[White "Braeutigam, Katerina"]
[Black "Roncea, Andrea-Alexandra"]
[Result "1/2-1/2"]
[ECO "A13"]
[WhiteElo "1696"]
[BlackElo "1515"]
[Annotator "NA RC"]
[PlyCount "138"]
[EventDate "2018.10.03"]
[EventType "team-tourn"]
[EventCountry "GER"]
[SourceTitle "playchess.com"]
[Source "ChessBase"]
[SourceQuality "1"]
[TimeControl "40/5400+30:1800+30"]

1. c4 e6 2. Nc3 d5 3. cxd5 exd5 4. d4 Nf6 5. g3 Be7 6. Bg2 O-O 7. e3 c6 8. Nf3 Nbd7 9. O-O Re8 10. b3 Nf8 11. Bb2 Bf5 12. Rc1 h6 13. Na4 Ne6 14. Nc5 Nxc5 15. dxc5 Ne4 16. b4 Rc8 17. Nd4 Bh7 18. Bh3 Ra8 19. Nf5 Bf6 20. Nd4 Ng5 21. Bg2 Qe7 22. Re1 Be4 23. Ba1 Bxg2 24. Kxg2 Qe4+ 25. Nf3 Nxf3 26. Qxf3 Bxa1 27. Rxa1 Qxb4 28. Rec1 Qe4 29. Qxe4 Rxe4 30. Rab1 Rb8 31. Rc2 a5 32. Rb6 Kh7 33. a3 f6 34. Rc3 Ra4 35. f3 d4 36. exd4 Rxd4 37. h4 Kg6 38. Kf2 Rd5 39. Rc4 Kf7 40. Rb3 Ke6 41. Re4+ Re5 42. Ke3 Kd5 43. Rxe5+ fxe5 44. Rc3 g5 45. hxg5 hxg5 46. Kd3 Rh8 47. Kc2 Rh3 48. g4 Kd4 49. Kb3 a4+ 50. Kb4 Rh2 51. Rc4+ Ke3 52. Re4+ Kxf3 53. Rxe5 Kxg4 54. Kxa4 Rb2 55. Ka5 Kf4 56. Re7 Rb5+ 57. Ka4 Rxc5 58. Rxb7 Rc4+ 59. Kb3 Re4 60. a4 g4 61. a5 g3 62. a6 g2 63. Rg7 Kf3 64. a7 Re8 65. Rf7+ Ke3 66. Rg7 Kf2 67. Rf7+ Ke2 68. Rg7 Kf2 69. Rf7+ Ke3 1/2-1/2

[Event "GER-chT Youth Countries 2018"]
[Site "Wurzburg"]
[Date "2018.10.05"]
[Round "5"]
[White "Amato, Cristiano"]
[Black "Muedder, Melanie"]
[Result "1/2-1/2"]
[ECO "B24"]
[WhiteElo "1661"]
[BlackElo "1826"]
[Annotator "NA"]
[PlyCount "75"]
[EventDate "2018.10.03"]
[EventType "team-tourn"]
[EventCountry "GER"]
[SourceTitle "playchess.com"]
[Source "ChessBase"]
[SourceQuality "1"]
[TimeControl "40/5400+30:1800+30"]

1. e4 c5 2. Nc3 Nc6 3. Bb5 Nd4 4. Bc4 e6 5. Nge2 Nf6 6. O-O {[%emt 0:00:36] B23: Closed Sicilian: Lines without g3} a6 7. d3 b5 8. Bb3 Nxb3 9. axb3 Bb7 10. f4 d5 11. e5 Nd7 12. f5 Nxe5 $146 ({Predecessor:} 12... exf5 13. e6 fxe6 {0-1 (36) Bolivar,J (2086)-Lopez Hernandez,C (2324) Bogota 2013}) 13. fxe6 f6 ({Black should try} 13... Bd6 $11) 14. Nf4 Be7 15. Qh5+ g6 16. Qh6 Bf8 17. Qh3 Be7 18. Qh6 Bf8 19. Qh3 Be7 20. Bd2 O-O 21. Rae1 b4 22. Nd1 Qb6 {[%emt 0:02:51] [#]} 23. Kh1 $2 (23. Ne3 $1 $16) 23... Qd6 $16 (23... d4 $1 $11) 24. Re3 f5 25. Rg3 d4 26. Nf2 Bc8 27. Qh6 Bxe6 28. Nxg6 hxg6 29. Rxg6+ Nxg6 30. Qxg6+ Kh8 31. Qh6+ Kg8 32. Qg6+ Kh8 33. Qh6+ Kg8 34. Qg6+ Kh8 35. Qh6+ Kg8 36. Qg6+ Kh8 37. Qh6+ Kg8 38. Qg6+ 1/2-1/2

[Event "GER-chT Youth Countries 2018"]
[Site "Wurzburg"]
[Date "2018.10.05"]
[Round "5"]
[White "Grunert, Wilhelm"]
[Black "Weimert, Miriam"]
[Result "1-0"]
[ECO "B28"]
[WhiteElo "1659"]
[BlackElo "1776"]
[Annotator "NA RC"]
[PlyCount "97"]
[EventDate "2018.10.03"]
[EventType "team-tourn"]
[EventCountry "GER"]
[SourceTitle "playchess.com"]
[Source "ChessBase"]
[SourceQuality "1"]
[TimeControl "40/5400+30:1800+30"]

1. e4 c5 2. Nf3 a6 3. d4 cxd4 4. Nxd4 Nf6 5. Nc3 e5 6. Nb3 Bb4 7. Bd2 O-O 8. f3 Nc6 9. a3 Bxc3 10. Bxc3 d5 11. exd5 Nxd5 12. Qd2 Nxc3 13. Qxc3 e4 14. Nd2 Qh4+ 15. g3 Qe7 16. O-O-O e3 17. Ne4 f5 18. Bc4+ Kh8 19. Nd6 e2 20. Rd3 Rf6 21. Nf7+ Rxf7 22. Re3 Qf8 23. Bxf7 Qxf7 24. Re1 Bd7 25. Kb1 h6 26. R1xe2 Rd8 27. Rd3 Re8 28. Rde3 Rc8 29. Qd2 f4 30. Rd3 Bf5 31. Qxf4 Qg6 32. Rd6 Qh7 33. g4 Bg6 34. h4 Bxc2+ 35. Rxc2 Nd4 36. Qxd4 Qxc2+ 37. Ka2 Kg8 38. h5 Qc1 39. Rd7 Qg5 40. Rxb7 a5 41. Rb6 Rf8 42. Rg6 Qe7 43. Qd5+ Kh8 44. g5 Rd8 45. Qe6 Qxe6+ 46. Rxe6 hxg5 47. Re5 Rf8 48. Rxa5 Rxf3 49. Rxg5 1-0

[Event "GER-chT Youth Countries 2018"]
[Site "Wurzburg"]
[Date "2018.10.05"]
[Round "5"]
[White "Hentschel, Lena"]
[Black "Alferova, Emily"]
[Result "1-0"]
[ECO "D00"]
[WhiteElo "1533"]
[BlackElo "1316"]
[Annotator "NA RC"]
[PlyCount "58"]
[EventDate "2018.10.03"]
[EventType "team-tourn"]
[EventCountry "GER"]
[SourceTitle "playchess.com"]
[Source "ChessBase"]
[SourceQuality "1"]
[TimeControl "40/5400+30:1800+30"]

1. d4 d5 2. Bf4 Bf5 3. Nf3 c6 4. c3 h6 5. e3 Nf6 6. h3 e6 7. Be2 Bd6 8. Ne5 Ne4 9. O-O O-O 10. f3 Nf6 11. Bd3 Bxd3 12. Qxd3 c5 13. Nd2 c4 14. Qe2 Re8 15. Bh2 Qc7 16. Kh1 Nbd7 17. Nxd7 Bxh2 18. Nxf6+ gxf6 19. f4 Bxf4 20. Rxf4 Qe7 21. Qh5 Qf8 22. Rxf6 Qg7 23. Raf1 Re7 24. R1f4 Kf8 25. Qxh6 Qxh6 26. Rxh6 Ree8 27. Rh8+ Ke7 28. Rxe8+ Rxe8 29. Nf3 f6 1-0

[Event "GER-chT Youth Countries 2018"]
[Site "Wurzburg"]
[Date "2018.10.05"]
[Round "5"]
[White "Schulz, Hannah"]
[Black "Schwenke, Mia"]
[Result "1-0"]
[ECO "B35"]
[WhiteElo "1527"]
[BlackElo "1203"]
[Annotator "NA"]
[PlyCount "79"]
[EventDate "2018.10.03"]
[EventType "team-tourn"]
[EventCountry "GER"]
[SourceTitle "playchess.com"]
[Source "ChessBase"]
[SourceQuality "1"]
[TimeControl "40/5400+30:1800+30"]

1. e4 c5 2. Nf3 Nc6 3. d4 cxd4 4. Nxd4 g6 5. Nc3 Bg7 6. Be3 Nf6 7. Bc4 O-O 8. f3 Qb6 9. Bb3 Nxe4 10. Na4 Qa5+ 11. c3 Nf6 12. Qd2 Qe5 13. Nxc6 bxc6 14. O-O-O d5 15. Nc5 Nd7 16. Nd3 Qd6 17. h4 c5 18. Nf2 e6 19. h5 Qa6 20. Bh6 c4 21. hxg6 fxg6 22. Bc2 Rb8 23. Bb1 Qb6 24. Bxg7 Rf7 25. Bd4 Qb7 26. Bxg6 Rg7 27. Bxg7 Kxg7 28. Qh6+ Kf6 29. Ng4+ Ke7 30. Qxh7+ Kd6 31. Qh2+ Kc6 32. Rd2 Nc5 33. Ne5+ Kb6 34. Qg1 Ka6 35. Qxc5 Qg7 36. Qa3+ Kb6 37. Nxc4+ dxc4 38. Rd6+ Kb7 39. Rh7 Qc7 40. Be4# 1-0

[Event "GER-chT Youth Countries 2018"]
[Site "Wurzburg"]
[Date "2018.10.05"]
[Round "5"]
[White "Keymer, Cecilia"]
[Black "Woerz, Ann-Sophie"]
[Result "1/2-1/2"]
[ECO "D60"]
[WhiteElo "1479"]
[BlackElo "1463"]
[Annotator "NA RC"]
[PlyCount "115"]
[EventDate "2018.10.03"]
[EventType "team-tourn"]
[EventCountry "GER"]
[SourceTitle "playchess.com"]
[Source "ChessBase"]
[SourceQuality "1"]
[TimeControl "40/5400+30:1800+30"]

1. d4 e6 2. c4 d5 3. Nf3 Nf6 4. Nc3 Be7 5. Bg5 Nbd7 6. e3 O-O 7. cxd5 exd5 8. Bd3 c6 9. Qc2 Re8 10. h3 Nf8 11. Ne5 N6d7 12. Bxe7 Rxe7 13. Nf3 Nf6 14. O-O-O b5 15. Ne5 Qd6 16. g4 N6d7 17. Nxd7 Bxd7 18. Rdg1 a5 19. Ne2 Rc8 20. Kb1 c5 21. dxc5 Rxc5 22. Qd2 Ne6 23. Rc1 Rxc1+ 24. Qxc1 Bc6 25. Ng3 Rc7 26. Qd2 b4 27. Rc1 Ng5 28. Bf1 Qg6+ 29. Ka1 Rd7 30. Bg2 Ne4 31. Nxe4 dxe4 32. Qc2 Rd8 33. Kb1 Bb5 34. Bxe4 Qh6 35. Rh1 g6 36. Ka1 Qf8 37. Rd1 Rc8 38. Qd2 Qe7 39. Bg2 Ba4 40. Rc1 Rd8 41. Qe2 Qe6 42. Kb1 Qb6 43. Be4 Bb5 44. Qc2 Qf6 45. f4 Re8 46. Qg2 Qe6 47. Rc5 Qxe4+ 48. Qxe4 Rxe4 49. Rxb5 Rxe3 50. Rxa5 Rxh3 51. Rb5 Rh4 52. Rxb4 Rxg4 53. a4 g5 54. a5 gxf4 55. Ka2 Rg5 56. Ra4 f3 57. a6 f2 58. a7 1/2-1/2

[Event "GER-chT Youth Countries 2018"]
[Site "Wurzburg"]
[Date "2018.10.05"]
[Round "5"]
[White "Zell, Hannah"]
[Black "Fock, Amina"]
[Result "1/2-1/2"]
[ECO "B20"]
[WhiteElo "1469"]
[BlackElo "1816"]
[Annotator "NA RC"]
[PlyCount "88"]
[EventDate "2018.10.03"]
[EventType "team-tourn"]
[EventCountry "GER"]
[SourceTitle "playchess.com"]
[Source "ChessBase"]
[SourceQuality "1"]
[TimeControl "40/5400+30:1800+30"]

1. e4 c5 2. c4 Nc6 3. g3 g6 4. Bg2 Bg7 5. Nc3 Rb8 6. Nge2 a6 7. a4 Nf6 8. O-O O-O 9. d3 Ne8 10. f4 Nc7 11. Be3 Nd4 12. Rb1 b5 13. b3 Nce6 14. axb5 Nxe2+ 15. Nxe2 axb5 16. f5 Nd4 17. Bxd4 cxd4 18. h4 e5 19. Bh3 h5 20. Kh2 g5 21. hxg5 Qxg5 22. Ng1 h4 23. Qf3 Rb6 24. gxh4 Qxh4 25. Qg4 Rh6 26. Qxh4 Rxh4 27. Rb2 Kh8 28. Rg2 Bf6 29. Nf3 Rh5 30. Rg3 Rg8 31. Rfg1 Rxg3 32. Rxg3 d6 33. Kg1 Bd7 34. Bf1 Bg7 35. Be2 Rh6 36. Bd1 bxc4 37. bxc4 Be8 38. Kg2 f6 39. Rh3 Rxh3 40. Kxh3 Bh6 41. Kg4 Kg7 42. Nh4 Bg5 43. Ng6 Kf7 44. Bb3 Kg7 1/2-1/2